 Dungeon Crawl Stone Soup version 0.31-a0-631-g285b096dc4 (webtiles) character file.

Game seed: 9003377271027746635

12357 Newt the Protected (level 11, -2/58 (63) HPs)
             Began as a Gargoyle Fighter on Aug 25, 2023.
             Was a High Priest of Okawaru.
             Slain by a cyclops (22 damage)
             ... on level 12 of the Dungeon.
             The game lasted 00:15:31 (12495 turns).

Newt the Protected (Gargoyle Fighter)              Turns: 12495, Time: 00:15:32

HP:   -2/58 (63)    AC: 35    Str: 29    XL:     11   Next: 92%
MP:   19/22         EV:  7    Int: 16    God:    Okawaru [*****.]
Gold: 765           SH:  4    Dex:  9    Spells: 23/25 levels left

rFire   + . .        Q - +12 eveningstar of the Pure Beasts {holy, rC+}
rCold   + + .        c - +0 buckler
rNeg    + . .        W - +1 plate armour {Will+}
rPois   ∞            j - +2 hat
rElec   +            R - scarf {rC+ rF+}
rCorr   .            e - +2 pair of gloves "Bebukawn" {Int+6}
SInv    +            D - +0 pair of boots of Submission {+Inv rElec SInv}
Will    +....        O - amulet of regeneration Stlth
                     T - +4 ring of protection
HPRegen 1.09/turn    x - +6 ring of strength
MPRegen 0.18/turn

%: no passive effects
@: mighty, wereblooded, very slightly contaminated, studying Armour, drained
A: sickness immunity, AC +8, negative energy resistance 1, electricity
resistance, torment resistance 1, petrification resistance
a: Renounce Religion, Evoke Invisibility, Heroism, Finesse, Duel


You were on level 12 of the Dungeon.
You worshipped Okawaru.
Okawaru was extremely pleased with you.
You visited 2 branches of the dungeon, and saw 13 of its levels.
You also visited: Bailey.

You collected 1110 gold pieces.
You spent 345 gold pieces at shops.

Inventory:

Hand Weapons
 a - a +1 flail
 t - a +2 antimagic hand axe
 y - the +7 staff of the Meek {protect, meekguard}
   (You found it on level 9 of the Dungeon)
 B - the +6 battleaxe "Buitih" {vamp, rPois Int+4}
   (You bought it in a shop on level 4 of the Dungeon)

   Int+4:     It affects your intelligence (+4).
   rPois:     It protects you from poison
 K - the +7 lajatang of Disarray {holy, Fly Dex+3}
   (You found it in a bailey)

   Dex+3:     It affects your dexterity (+3).
   Fly:       It grants you flight.
 Q - the +12 eveningstar of the Pure Beasts (weapon) {holy, rC+}
   (Okawaru gifted it to you on level 10 of the Dungeon)

   rC+:       It protects you from cold.
Missiles
 F - 22 boomerangs
 L - 4 atropa-tipped darts
 U - 2 throwing nets
Armour
 b - a +0 scale mail
 c - a +0 buckler (worn)
 e - the +2 pair of gloves "Bebukawn" (worn) {Int+6}
   (You found it on level 2 of the Dungeon)

   Int+6:     It affects your intelligence (+6).
 j - a +2 hat (worn)
 n - a +3 chain mail of poison resistance
 D - the +0 pair of boots of Submission (worn) {+Inv rElec SInv}
   (You acquired it on level 8 of the Dungeon)

   rElec:     It insulates you from electricity.
   SInv:      It lets you see invisible.
   +Inv:      It lets you turn invisible.
 H - the +0 chain mail of Mamyvu {Drain rC+++ Str+2}
   (You found it on level 9 of the Dungeon)

   Str+2:     It affects your strength (+2).
   rC+++:     It renders you almost immune to cold.
   Drain:     It drains your maximum health when unequipped.
 I - the +0 ring mail "Axkoroor" {rElec Will+ Int-3}
   (You found it on level 10 of the Dungeon)

   Int-3:     It affects your intelligence (-3).
   rElec:     It insulates you from electricity.
   Will+:     It increases your willpower.
 R - a scarf of resistance (worn)
 W - a +1 plate armour of willpower (worn)
Jewellery
 m - a ring of flight
 x - a +6 ring of strength (right hand)
 C - an amulet of magic regeneration
 N - a ring of ice
 O - an amulet of regeneration (around neck)
 T - a +4 ring of protection (left hand)
Wands
 o - a wand of iceblast (3)
 J - a wand of flame (13)
 X - a wand of light (6)
Scrolls
 k - 3 scrolls of vulnerability
 l - 7 scrolls of fog
 p - a scroll of butterflies
 q - 5 scrolls of teleportation
 r - 2 scrolls of enchant weapon
 s - a scroll of fear
 w - 3 scrolls of blinking
 z - 5 scrolls of identify
 E - 2 scrolls of amnesia
 M - 2 scrolls of poison
 P - 2 scrolls of revelation
 V - a scroll of enchant armour
Potions
 d - 2 potions of haste
 f - 5 potions of degeneration
 g - a potion of lignification
 h - 4 potions of enlightenment
 i - 2 potions of attraction
 u - 7 potions of curing
 v - 2 potions of brilliance
 A - 2 potions of heal wounds
 G - a potion of might
 S - a potion of berserk rage {unknown}


   Skills:
 - Level 5.0 Fighting
 - Level 8.8(9.9) Axes
 - Level 7.8(10.0) Maces & Flails
 + Level 11.1 Armour
 - Level 3.2 Shields
 - Level 7.7 Spellcasting
 - Level 7.1 Transmutations


You had 23 spell levels left.
You knew the following spells:

 Your Spells              Type           Power      Damage    Failure   Level
a - Wereblood             Tmut           28%        N/A       8%          2

Your spell library contained the following spells:

 Spells                   Type           Power      Damage    Failure   Level
 Shock                    Conj/Air       24%        1d4       67%         1
 Poisonous Vapours        Pois/Air       12%        N/A       82%         2
 Hailstorm                Conj/Ice       6%         3d4       96%         3
 Mephitic Cloud           Conj/Pois/Air  6%         N/A       96%         3
 Portal Projectile        Hex/Tloc       12%        N/A       96%         3
 Swiftness                Air            6%         N/A       96%         3
 Alistair's Intoxication  Tmut/Pois      11%        N/A       99%         5
 Irradiate                Conj/Tmut      8%         3d14      99%         5
 Airstrike                Air            3%         2d(1-17)  100%        4
 Leda's Liquefaction      Hex/Erth       3%         N/A       100%        4
 Borgnjor's Vile Clutch   Necr/Erth      3%         N/A       100%        5
 Freezing Cloud           Conj/Ice/Air   3%         6-21      100%        5
 Eringya's Noxious Bog    Tmut/Pois      8%         4d6       100%        6
 Call Canine Familiar     Summ           Unusable   N/A       N/A         3
 Summon Ice Beast         Ice/Summ       Unusable   N/A       N/A         4
 Simulacrum               Ice/Necr       Unusable   N/A       N/A         6

Dungeon Overview and Level Annotations

Branches:
Dungeon (12/15)            Temple (1/1) D:5            Lair (0/5) D:10
    Orc (0/2) D:11         Bailey (visited)

Altars:
Ashenzari
Cheibriados
Dithmenos
Elyvilon
Fedhas
Gozag
Hepliaklqana
Kikubaaqudgha
Makhleb
Nemelex Xobeh
Okawaru
Qazlal
Ru
Sif Muna
Trog
Uskayaw
Vehumet
Wu Jian
Xom
Yredelemnul
Zin
The Shining One

Shops:
D:1 (   D:4 *   D:5 (   D:6 ((:   D:8 *

Annotations:
D:12 Erolcha


Innate Abilities, Weirdness & Mutations

You are immune to sickness and miasma.
Your stone body is resilient. (AC +8)
You are immune to poison.
You resist negative energy. (rN+)
You are resistant to electric shocks. (rElec)
You are resistant to unholy torment.
You are immune to petrification.


Message History

Nothing appears to happen.
The komodo dragon bites you.
Erolcha casts a spell.
Erolcha blinks!
Unknown command.
Casting: Wereblood (safe; 9% risk of failure)
Press: ? - help, Q - select action, (/) - cycle Dir - look around, f - activate Your blood is infused with primal strength.
You block the komodo dragon's attack.
The cyclops throws a large rock.
The large rock hits you!!
Unknown command.
You hit the komodo dragon.
The komodo dragon is almost dead.
The komodo dragon bites you but does no damage.
The cyclops throws a large rock.
The large rock hits you but does no damage.
The komodo dragon bites you but does no damage.
Unknown command.
You closely miss the komodo dragon.
The komodo dragon is almost dead.
The komodo dragon bites you but does no damage.
Unknown command.
You feel very mighty all of a sudden.
The cyclops throws a large rock.
The large rock hits you!
The komodo dragon bites you but does no damage.
Unknown command.
You barely miss the komodo dragon.
The komodo dragon is almost dead.
The komodo dragon bites you!
* * * LOW HITPOINT WARNING * * *
Unknown command.
You impale the komodo dragon!!
You feel a bit better.
You kill the komodo dragon!
Okawaru accepts your kill.
Your Armour skill increases to level 11!
Unknown command.
You impale the cyclops!!
The cyclops is moderately wounded.
The brown ugly thing stings you but does no damage.
The cyclops hits you!!
You die...

#.....##...##
#.... ..#
##.##.##...#
##.. .##
###....#...##
#.. .#
#.........##
. ##.....#.##
.# #.....###
. ####.>####
...
#......#.....
##..#@C......
#####u......
.......
#.O#...
...... ......
..... .....


You could see a brown ugly thing, Erolcha and a cyclops.

Vanquished Creatures
  Harold (D:11)
  A two-headed ogre (D:9)
  Nergalle (D:11)
  An ugly thing (D:11)
  2 komodo dragons
  4 trolls
  A hornet (D:8)
  2 wraiths (D:12)
  A shadow (D:11)
  2 vampires
  3 wyverns (D:10)
  6 yaks (D:10)
  5 vampire mosquitoes
  2 steam dragons
  2 water moccasins
  4 acid dragons
  2 wargs (D:10)
  Duvessa (D:7)
  3 ice beasts
  A black bear (D:7)
  2 ogres (D:6)
  8 orc warriors
  A sky beast (D:7)
  3 centaurs
  A phantom (D:5)
  11 kobold brigands
  6 scorpions
  2 bullfrogs
  A wight (D:7)
  Dowan (D:7)
  6 killer bees (D:6)
  6 howler monkeys
  7 hounds
  3 jellies
  8 orc priests
  A gnoll bouda (D:8)
  2 iguanas
  11 orc wizards
  Terence (D:3)
  6 adders
  3 gnolls (D:8)
  3 shadow imps
  An ufetubus (D:5)
  3 adder zombies (D:3)
  A worm (D:3)
  2 dart slugs
  50 orcs
  8 ball pythons
  6 endoplasms
  2 giant cockroaches
  10 goblins
  3 hobgoblins
  5 bats
  A frilled lizard (D:3)
  A giant cockroach zombie (D:3)
  41 kobolds
  6 rats
278 creatures vanquished.

Notes
Turn   | Place    | Note
-------+----------+-------------------------------------------
     0 | D:1      | Newt the Gargoyle Fighter began the quest for the Orb.
     0 | D:1      | Reached XP level 1. HP: 14/14 MP: 1/1
   187 | D:1      | Reached XP level 2. HP: 16/20 MP: 2/2
   535 | D:1      | Found Fadege's Antique Weapon Shoppe.
   934 | D:2      | Reached XP level 3. HP: 23/24 MP: 3/3
   980 | D:2      | Found a white marble altar of Elyvilon.
  1104 | D:2      | Found a faded altar of an unknown god.
  1146 | D:2      | Identified the +2 pair of gloves "Bebukawn" {Int+6}
  1169 | D:2      | Reached skill level 5 in Fighting
  1804 | D:3      | Reached skill level 4 in Armour
  1808 | D:3      | Reached skill level 5 in Armour
  1808 | D:3      | Reached XP level 4. HP: 19/31 MP: 4/4
  1928 | D:3      | Noticed Terence
  1951 | D:3      | Killed Terence
  1952 | D:3      | Reached skill level 6 in Armour
  1952 | D:3      | Reached XP level 5. HP: 19/35 MP: 5/5
  2292 | D:3      | Found a basalt altar of Yredelemnul.
  2506 | D:3      | Found an ancient bone altar of Kikubaaqudgha.
  2822 | D:4      | Noticed a centaur
  2834 | D:4      | Killed a centaur
  2835 | D:4      | Reached skill level 7 in Armour
  2907 | D:4      | Reached XP level 6. HP: 40/40 MP: 6/6
  2941 | D:4      | Reached skill level 8 in Armour
  2996 | D:4      | Found a shadowy altar of Dithmenos.
  3202 | D:4      | Found Zute's Assorted Antiques.
  3317 | D:4      | Reached skill level 9 in Armour
  3435 | D:4      | Found a shimmering blue altar of Sif Muna.
  3612 | D:5      | Entered Level 5 of the Dungeon
  3717 | D:5      | Found a staircase to the Ecumenical Temple.
  3724 | D:5      | Reached skill level 10 in Armour
  3739 | D:5      | Reached XP level 7. HP: 27/44 MP: 7/7
  4100 | Temple   | Entered the Ecumenical Temple
  4116 | Temple   | Became a worshipper of Warmaster Okawaru
  4223 | D:5      | Found Melite's Weapon Shop.
  4347 | D:5      | Reached skill level 1 in Spellcasting
  4347 | D:5      | Reached skill level 1 in Transmutations
  4481 | D:5      | Reached XP level 8. HP: 49/49 MP: 11/11
  4905 | D:6      | Found a snail-covered altar of Cheibriados.
  4940 | D:6      | HP: 1/49 [ogre/+0 giant club (15)]
  5172 | D:6      | Found Kiff's Antique Weapon Emporium.
  5181 | D:6      | Found Lijyzu's Weapon Emporium.
  5193 | D:6      | Reached * piety under Okawaru
  5917 | D:6      | Reached ** piety under Okawaru
  6076 | D:6      | Found Plog's Book Emporium.
  6106 | D:6      | You are sucked into a shaft and drop 3 floors!
  6131 | D:9      | Noticed a troll
  6147 | D:9      | Killed a troll
  6148 | D:9      | Reached skill level 5 in Spellcasting
  6148 | D:9      | Reached XP level 9. HP: 8/54 MP: 16/16
  6552 | D:9      | Found the +7 staff of the Meek {protect, meekguard}
  6589 | D:8      | Noticed a komodo dragon
  6600 | D:8      | Killed a komodo dragon
  6601 | D:8      | Reached skill level 5 in Transmutations
  6668 | D:8      | Noticed a hornet
  6681 | D:8      | Killed a hornet
  6908 | D:7      | Noticed Dowan
  6909 | D:7      | Noticed Duvessa
  6925 | D:7      | Killed Duvessa
  6929 | D:7      | Killed Dowan
  6986 | D:7      | Reached *** piety under Okawaru
  7496 | D:7      | Found a blossoming altar of Fedhas.
  7811 | D:7      | Reached XP level 10. HP: 43/59 MP: 20/20
  8377 | D:4      | Bought an iridescent battleaxe for 345 gold pieces
  8377 | D:4      | Identified the +6 battleaxe "Buitih" {vamp, rPois Int+4}
                  | (You bought it in a shop on level 4 of the Dungeon)
  8535 | D:8      | Identified a scroll of acquirement
  8535 | D:8      | Acquired the +0 pair of boots of Submission {+Inv rElec
                  | SInv}
  8646 | D:8      | Learned a level 2 spell: Wereblood
  8680 | D:8      | Reached **** piety under Okawaru
  8684 | D:8      | Reached skill level 1 in Axes
  8695 | D:8      | Found Erexoqot's Assorted Antiques.
  8867 | D:8      | Found an ornate altar of the Wu Jian Council.
  8873 | D:8      | Found a shimmering altar of Xom.
  8939 | D:8      | Found a broken altar of Ashenzari.
  9436 | D:9      | Identified the +0 chain mail of Mamyvu {Drain rC+++ Str+2}
  9505 | D:9      | Noticed a two-headed ogre
  9519 | D:9      | Killed a two-headed ogre
 10317 | D:10     | Entered Level 10 of the Dungeon
 10327 | D:10     | Reached skill level 5 in Axes
 10353 | D:10     | Found a flagged portal.
 10358 | D:10     | Identified the +0 ring mail "Axkoroor" {rElec Will+ Int-3}
 10371 | Bailey   | Entered a bailey
 10479 | Bailey   | Found a bloodstained altar of Trog.
 10481 | Bailey   | Reached ***** piety under Okawaru
 10506 | Bailey   | Identified the +7 lajatang of Disarray {holy, Fly Dex+3}
 10750 | D:10     | Reached XP level 11. HP: 55/63 MP: 22/22
 10807 | D:10     | Found a staircase to the Lair.
 11552 | D:10     | Identified the +12 eveningstar of the Pure Beasts {holy,
                  | rC+} (Okawaru gifted it to you on level 10 of the Dungeon)
 11552 | D:10     | Received a gift from Okawaru
 11887 | D:11     | Noticed a green ugly thing
 11897 | D:11     | Killed a green ugly thing
 11898 | D:11     | Reached skill level 5 in Maces & Flails
 11943 | D:11     | Found a staircase to the Orcish Mines.
 12058 | D:11     | Noticed Harold
 12070 | D:11     | Killed Harold
 12127 | D:11     | Noticed Nergalle
 12134 | D:11     | Killed Nergalle
 12482 | D:12     | Noticed a cyclops
 12487 | D:12     | Noticed a brown ugly thing
 12487 | D:12     | Noticed Erolcha
 12495 | D:12     | Reached skill level 11 in Armour
 12495 | D:12     | Slain by a cyclops

Illustrated notes

Levels and vault maps discovered:
D:1:      nzn_arrival_depleted_hourglass, layout_basic, serial_shops,
          nicolae_shop_window_shopping, kennysheep_minor_cross, nrook_campfire,
          chequers_serial_rivers_marsh
D:2:      layout_basic, basic_altar, hellmonk_ecumenical_altar_inner_sanctum,
          st_stairs_14, guppyfry_early_lair_pool
D:3:      layout_basic, kiku_gazebo_garden_becter,
          nicolae_yredelemnul_corpse_copse, uniq_terence
D:4:      layout_loops_cross, lemuel_round_altar,
          nicolae_dithmenos_the_darkroom, serial_shops, kennysheep_mini,
          st_stairs_4
D:5:      layout_gridville, minmay_temple_entry_stoned_glass, serial_shops,
          nicolae_lakefront_shop
D:6:      layout_loops_cross, cheibriados_altar_1, serial_shops, shop,
          nicolae_shop_hallway_plus, nicolae_shop_window_shopping,
          kennysheep_generic_room_12
D:7:      minmay_angry_zag, layout_loops_ring, fedhas_bush_and_centaur_altar,
          nicolae_nh_ransacked_shop, uniq_duvessa
D:8:      layout_basic, ashenzari_conservatory_becter, nicolae_overflow_squiral,
          serial_shops, nicolae_shop_just_a_little_nook
D:9:      layout_stronghold
D:10:     layout_loops_ring, erik_lair_orcish_takeover, enter_bailey_5
D:11:     layout_rooms, hiddenorc2_lemuel, uniq_nergalle, uniq_harold
D:12:     layout_cave_pools, uniq_erolcha
Temple:   compressed_dpeg_triangle_lava_temple

Skill      XL: |  1  2  3  4  5  6  7  8  9 10 11 |
---------------+----------------------------------+-----
Fighting       | 4 5 |  5.0
Armour         | 5 6 7 10 11 | 11.1
Maces & Flails | 4 7 |  7.8
Spellcasting   | 2 5 7 |  7.7
Transmutations | 1 4 6 7 |  7.1
Axes           | 7 8 |  8.8
Shields        | |  3.2

Action                     |  1- 3 |  4- 6 |  7- 9 | 10-12 || total
---------------------------+-------+-------+-------+-------++-------
  Melee: Flail             |    97 |   194 |   339 |       ||   630
         Quarterstaff      |       |       |   129 |    58 ||   187
         Battleaxe         |       |       |       |   163 ||   163
         Eveningstar       |       |       |       |   130 ||   130
  Throw: Boomerang         |       |       |       |     1 ||     1
   Cast: Wereblood         |       |       |       |    10 ||    10
  Evoke: Wand              |       |       |     2 |     7 ||     9
    Use: Scroll            |     8 |     6 |     4 |     6 ||    24
         Potion            |       |     3 |     1 |     1 ||     5
 Armour: Scale mail        |    59 |    38 |       |       ||    97
         Skin              |       |    13 |       |       ||    13
         Chain mail        |       |   170 |   449 |   278 ||   897
         Plate armour      |       |       |       |    51 ||    51
  Dodge: Dodged            |    48 |    89 |   220 |   208 ||   565
  Block: Buckler           |    27 |    44 |    73 |    28 ||   172

Table legend: (Time is in decaauts)
 A = Elapsed time spent in this place.
 B = Non-inter-level travel time spent in this place.
 C = Inter-level travel time spent in this place.
 D = Time resting spent in this place.
 E = Time spent auto-exploring this place.
 F = Levels seen in this place.
 G = Mean time per level.
                   A        B        C        D        E       F      G
               +--------+--------+--------+--------+--------+-----+--------+
         Total |  12786 |  12255 |    531 |   2746 |   7156 |  14 |  913.3 |
       Dungeon |  12479 |  11980 |    499 |   2738 |   6992 |  12 | 1039.9 |
        Temple |     32 |      1 |     31 |      0 |      0 |   1 |   32.0 |
        Bailey |    274 |    274 |      0 |      8 |    164 |   1 |  274.0 |
               +--------+--------+--------+--------+--------+-----+--------+

Top non-repeatable levels by time:
     D:6: 1743 daAuts
     D:9: 1470 daAuts
     D:5: 1301 daAuts
    D:10: 1193 daAuts
     D:8: 1178 daAuts
     D:7: 1114 daAuts
     D:3: 1008 daAuts
     D:2: 1008 daAuts
     D:4: 879 daAuts
     D:1: 821 daAuts
    D:11: 506 daAuts
  Bailey: 274 daAuts
    D:12: 254 daAuts
  Temple: 32 daAuts
